 Dungeon Crawl Stone Soup version 0.23-a0-635-g88ca12a (webtiles) character file.

343 Leeroy the Slasher (level 6, -2/46 HPs)
             Began as a Barachi Skald on Dec 27, 2018.
             Slain by a wight
             ... wielding a +2 morningstar of freezing
              (3 damage)
             ... on level 5 of the Dungeon.
             The game lasted 00:10:04 (3911 turns).

Leeroy the Slasher (Barachi Skald)                  Turns: 3911, Time: 00:10:05

Health: -2/46      AC:  6    Str: 12    XL:     6   Next: 57%
Magic:  9/9        EV:  9    Int: 15    God:
Gold:   206        SH:  0    Dex: 12    Spells: 2/9 levels left

rFire    . . .     SeeInvis .   F - +0 hunting sling
rCold    . . .     Gourm    .   (no shield)
rNeg     . . .     Faith    .   s - +0 scale mail
rPois    .         Spirit   .   (no helmet)
rElec    .         Reflect  .   (no cloak)
rCorr    .         Harm     .   (no gloves)
MR       .....                  (no boots)
Stlth    ..........             (no amulet)
HPRegen  0.15/turn              (no ring)
MPRegen  0.11/turn              (no ring)

@: about to teleport, can't hop, slow
A: +LOS, swims, slowness 1, strong legs 1
a: Hop


You were on level 5 of the Dungeon.
You were not hungry.

You visited 1 branch of the dungeon, and saw 5 of its levels.

You collected 206 gold pieces.

Inventory:

Hand Weapons
 a - a +1 falchion
 c - a +0 dagger
 i - a +0 spear
 k - a +0 short sword
 o - a +0 hand axe
 p - a +0 dagger
 t - a +1 dagger of holy wrath
 w - a +0 morningstar
 B - a +0 falchion
 D - a cursed +0 dagger
 F - a +0 hunting sling (weapon)
 H - a +0 war axe
 J - a +0 rapier
Missiles
 f - 25 poisoned needles
 g - 134 stones
 m - 4 needles of confusion
 q - 22 sling bullets (quivered)
 x - 5 tomahawks
 z - 22 arrows
Armour
 b - a +0 leather armour
 r - a +0 ring mail
 s - a +0 scale mail (worn)
Jewellery
 n - an uncursed ring of protection from fire {unknown}
Scrolls
 h - 4 scrolls of remove curse
 j - a scroll of enchant weapon
 u - a scroll of random uselessness {unknown}
 v - a scroll of magic mapping {unknown}
 y - a scroll of teleportation
 A - a scroll of amnesia {unknown}
 C - 2 scrolls of enchant armour {unknown}
Potions
 l - 2 potions of resistance {unknown}
 E - a potion of flight {unknown}
 G - a potion of magic {unknown}
 I - a potion of lignification {unknown}
Comestibles
 d - 6 rations
 K - a chunk of flesh


   Skills:
 - Level 2.4 Fighting
 * Level 7.8 Long Blades
 - Level 1.4 Slings
 - Level 1.2 Armour
 - Level 2.1 Dodging
 - Level 2.1 Spellcasting
 + Level 0.1 Hexes
 - Level 3.2 Charms


You had 2 spell levels left.
You knew the following spells:

 Your Spells              Type           Power        Failure   Level  Hunger
a - Infusion              Chrm           ##..         30%         1    #......
b - Spectral Weapon       Hex/Chrm       #.......     86%         3    ###....
c - Regeneration          Chrm/Necr      #.........   87%         3    ###....

Your spell library contained the following spells:

 Spells                   Type           Power        Failure   Level  Hunger
 Song of Slaying          Chrm           ##......     41%         2    ###....
 Shroud of Golubria       Chrm/Tloc      #.........   65%         2    ###....


Dungeon Overview and Level Annotations

Branches:
Dungeon (5/15)
 Temple: D:4-7

Altars:
Cheibriados

Shops:
D:4 %

Annotations:
D:3 1 runed door
D:5 3 runed doors, Dowan; Duvessa; galech's ghost, amateur DsFi


Innate Abilities, Weirdness & Mutations

Shadows flee at your approach. (+LOS)
You can swim through water.
You cover ground slowly.
You can hop short distances.


Message History

Dowan, Brother of Duvessa comes into view.
He is wielding a +0 dagger.
Unknown command.
As you read the scroll labeled WAEFOR SUFIFA, it crumbles to dust.
It is a scroll of enchant weapon.
Your +0 falchion glows red for a moment.
Dowan shouts!
As you read the scroll labeled JEPNOGH MIVU, it crumbles to dust.
You feel strangely unstable.
It was a scroll of teleportation.
A wight comes into view. It is wielding a +2 scimitar.
Dowan gestures at Duvessa while chanting.
Duvessa seems to speed up.
A wight comes into view. It is wielding a +5 trident.
Okay, then.
You feel better. The wight hits you but does no damage.
Dowan casts a spell.
Dowan blinks!
The wight hits you with a +2 morningstar of freezing!
* * * LOW HITPOINT WARNING * * *
The wight freezes you.
You die...

#####.....# .......#.#
#.#.#.#.####### #
#.........>....
##.######.#.#.#########
###........z.(((#
.(.(..((.(((###(#
z##..##########z#
#z.!e.z.@z###...#
..ยง.#####...#.###
#...###.((## ..
....###..# .. #....##.#
#. #...Z#.# # ##..W#.#
#...+.# #.5.+.#


You could see Duvessa and 4 wights.

Vanquished Creatures
  An ogre (D:4)
  A crimson imp (D:4)
  A bullfrog zombie (D:5)
  A hound (D:4)
  Terence (D:2)
  2 worker ants
  A hound skeleton (D:4)
  3 adders
  3 oozes
  3 leopard geckos (D:1)
  6 orcs (D:3)
  3 bats
  5 goblins
  5 hobgoblins
  3 quokkas
  3 frilled lizards
  4 kobolds
  2 rats
48 creatures vanquished.

Notes
Turn   | Place    | Note
-------+----------+-------------------------------------------
     0 | D:1      | Leeroy the Barachi Skald began the quest for the Orb.
     0 | D:1      | Reached XP level 1. HP: 17/17 MP: 3/3
   185 | D:1      | Reached skill level 3 in Long Blades
   420 | D:1      | Reached XP level 2. HP: 21/23 MP: 5/5
   510 | D:1      | Reached skill level 4 in Long Blades
   818 | D:1      | Reached XP level 3. HP: 19/28 MP: 6/6
   826 | D:1      | Learned a level 3 spell: Spectral Weapon
  1298 | D:2      | Noticed Terence
  1311 | D:2      | Killed Terence
  1371 | D:2      | Reached skill level 5 in Long Blades
  1478 | D:2      | Reached XP level 4. HP: 32/34 MP: 7/7
  1489 | D:2      | Learned a level 3 spell: Regeneration
  2340 | D:3      | Found a runed door.
  2833 | D:4      | Found a snail-covered altar of Cheibriados.
  2841 | D:4      | Reached skill level 6 in Long Blades
  2842 | D:4      | Reached XP level 5. HP: 16/39 MP: 8/8
  3231 | D:4      | Found Folamp's Food Shoppe.
  3317 | D:4      | Reached skill level 1 in Slings
  3337 | D:4      | Noticed an ogre
  3347 | D:4      | Killed an ogre
  3347 | D:4      | Reached skill level 7 in Long Blades
  3347 | D:4      | Reached XP level 6. HP: 28/46 MP: 9/9
  3374 | D:5      | Entered Level 5 of the Dungeon
  3378 | D:5      | Noticed galech's ghost (amateur DsFi)
  3811 | D:5      | Found a runed gate.
  3811 | D:5      | Found a runed gate.
  3812 | D:5      | Found a runed gate.
  3908 | D:5      | Noticed Duvessa
  3908 | D:5      | Noticed Dowan
  3911 | D:5      | HP: 1/46 [wight/+2 morningstar of freezing (10)]
  3911 | D:5      | Slain by a wight

Vault maps used:
D:1:      shiori_shiawase
D:2:      uniq_terence
D:3:      minmay_misc_feat_five, minmay_statues_item, uniq_crazy_yiuf_cottage
D:4:      lemuel_upstairs_altar, cheibriados_altar_1, vehumet_statue,
          first_ration, serial_shops, kennysheep_mini
D:5:      kennysheep_mini_moat, gammafunk_ghost_icy,
          chequers_serial_rivers_micro_e, uniq_duvessa

Skill      XL: |  1  2  3  4  5 |
---------------+----------------+-----
Long Blades    | 3 4 5 6 7 |  7.8
Slings         | 1 |  1.4
Fighting       | |  2.4
Armour         | |  1.2
Dodging        | |  2.1
Spellcasting   | |  2.1
Hexes          | |  0.1
Charms         | |  3.2

Action                   |  1- 3 |  4- 6 || total
-------------------------+-------+-------++-------
Melee: Falchion          |    75 |   176 ||   251
 Fire: Hunting sling     |       |    18 ||    18
Throw: Stone             |     1 |       ||     1
 Cast: Spectral Weapon   |     1 |       ||     1
       Infusion          |       |     1 ||     1
 Abil: Hop               |       |     2 ||     2
  Use: Scroll            |       |     3 ||     3
       Potion            |       |     3 ||     3
  Eat: Chunk             |     1 |     7 ||     8
       Ration            |       |     1 ||     1
Armor: Leather armour    |     9 |       ||     9
       Scale mail        |     4 |    66 ||    70
       Ring mail         |     2 |       ||     2
Dodge: Dodged            |    36 |    84 ||   120
       Rpst.: Falchion   |    13 |    20 ||    33

Table legend:
 A = Non-vault XP
 B = Vault XP
 C = Vault XP percentage of total XP
 D = Non-vault monster count
 E = Vault monster count
 F = Vault count percentage of total count
                 A         B        C        D         E       F
            +---------+---------+-------+---------+---------+-------
      Total |     455 |      36 |   7.3 |      47 |       1 |   2.1
            +---------+---------+-------+---------+---------+-------
        D:1 |      40 |       0 |   0.0 |      16 |       0 |   0.0
        D:2 |      24 |      36 |  60.0 |       8 |       1 |  11.1
        D:3 |      58 |       0 |   0.0 |      14 |       0 |   0.0
        D:4 |     254 |       0 |   0.0 |       7 |       0 |   0.0
        D:5 |      79 |       0 |   0.0 |       2 |       0 |   0.0
            +---------+---------+-------+---------+---------+-------
